AoeStats
← meditator27

Black Forest

507688190Analyzed
4v4 RM · 11d ago on Sep 19, 2026· 38m 23s· 8 players
Game mode
Random Map
Map size
Large (8 player)
Population
200
Speed
Normal
Resources
Standard
Victory
Conquest
Starting age
Dark Age
Ending age
Imperial Age
RankedLock teamsTeams togetherTeam positionsShared explorationLock speedFull tech treeHidden civsTurbo modeCheats
Victory
Defeat
🇹🇼 Persians · Taiwan
1327
+16
🇻🇳 Tatars · Vietnam
1325
+16
🇭🇰 Celts · Hong Kong SAR China
1318
+16
🇹🇼 Britons · Taiwan
1300
+17
🇸🇪 Magyars · Sweden
1365
-18
🇬🇧 Burgundians · United Kingdom
1332
-17
🇹🇼 Bohemians · Taiwan
1290
-15
🇵🇱 Mongols · Poland
1289
-15
Vince
11:31 Feudal Age
15:23 Castle Age
14:02 Double-Bit Axe
13:58 Horse Collar
17:10 Bow Saw
18:11 Heavy Plow
23:17 Wheelbarrow
24:03 Loom
25:42 Hand Cart
26:17 Town Watch
27:00 Gold Mining
27:00 Stone Mining
27:02 Town Watch
29:27 Gold Shaft Mining
32:31 Imperial Age
31:19 Bloodlines
31:10 Husbandry
31:24 Scale Barding Armor
31:29 Forging
32:03 Silk Armor
33:52 Chain Barding Armor
34:08 Iron Casting
32:55 Elite Steppe Lancer
34:52 Crop Rotation
36:22 Plate Barding Armor
37:21 Blast Furnace
Freegan
0:46 Loom
1:21 Loom
15:15 Feudal Age
20:11 Castle Age
18:44 Double-Bit Axe
20:03 Horse Collar
20:06 Fishing Lines
28:36 Gillnets
29:04 Pikeman
32:07 Forging
31:57 Scale Mail Armor
32:09 Bow Saw
32:01 Heavy Plow
35:38 Wheelbarrow
37:03 Iron Casting
36:43 Chain Mail Armor
40:00 Imperial Age
38:14 Chain Mail Armor
38:21 Gold Mining
38:21 Stone Mining
C8AN
0:29 Loom
11:45 Feudal Age
15:33 Castle Age
14:56 Fletching
18:23 Bodkin Arrow
20:16 Gold Mining
21:11 Horse Collar
24:33 Double-Bit Axe
30:46 Wheelbarrow
30:28 Bow Saw
35:11 Gold Shaft Mining
34:28 Stone Mining
35:56 Padded Archer Armor
chengaopeng044
0:40 Loom
10:50 Feudal Age
14:14 Castle Age
12:48 Double-Bit Axe
14:11 Bloodlines
14:25 Scale Barding Armor
21:51 Bow Saw
24:14 Forging
25:40 Chain Barding Armor
25:53 Horse Collar
29:32 Town Watch
32:11 Heavy Plow
33:27 Husbandry
34:18 Wheelbarrow
33:36 Gold Mining
34:43 Stone Mining
36:56 Hand Cart
38:52 Iron Casting
38:57 Gold Shaft Mining
FirstPine3880
3:42 Double-Bit Axe
7:15 Fishing Lines
12:45 Feudal Age
16:23 Castle Age
15:00 Bow Saw
15:16 Loom
16:06 Gillnets
19:08 Horse Collar
20:27 Heavy Plow
meditator27
7:22 Loom
11:42 Feudal Age
15:44 Castle Age
14:06 Double-Bit Axe
16:35 Bow Saw
25:45 Wheelbarrow
Stuve
0:41 Loom
17:06 Feudal Age
18:06 Double-Bit Axe
19:11 Wheelbarrow
21:21 Castle Age
22:27 Bow Saw
21:58 Horse Collar
23:45 Gold Mining
25:56 Heavy Plow
Pitry2012
11:54 Feudal Age
12:29 Double-Bit Axe
15:29 Castle Age
16:16 Fishing Lines
19:47 Wheelbarrow
19:40 Loom
21:23 Hand Cart
20:53 Town Watch
24:14 Bow Saw
24:40 Horse Collar
26:16 Fletching
29:54 Imperial Age
27:48 Gold Mining
28:01 Heavy Plow
28:04 Bodkin Arrow
28:09 Padded Archer Armor
29:05 Thumb Ring
29:51 Gold Shaft Mining
30:21 Leather Archer Armor
30:22 Bloodlines
30:13 Husbandry
30:39 Bracer
31:37 Conscription
32:54 Parthian Tactics
32:25 Elite Mangudai
37:17 Ballistics
38:05 Chemistry
Connection lost

Rejoining the realm…

Still unreachable

The connection could not be restored.

Session expired

The server has moved on; the page needs a fresh start.